[Event "Titled Tuesday Blitz August 09 Early 2022"]
[White "Pranav Anand"]
[Black "Molina, Roberto Junio Brito"]
[WhiteFideId "46626786"]
[BlackFideId "2109450"]
[WhiteElo "2863"]
[BlackElo "2819"]
[Result "0-1"]
[Round "08"]
[TimeControl "180+1"]
[Date "2022.08.09"]
[WhiteClock "0:00:16"]
[BlackClock "0:00:33"]

1. Nf3 d5 2. g3 c6 3. Bg2 Bg4 4. O-O Nd7 5. d4 e6 6. c4 Ngf6 7. Nc3 Be7 8. h3 Bh5 9. b3 O-O 10. Bb2 Bd6 11. g4 Bg6 12. Nh4 Qe7 13. Nxg6 hxg6 14. e3 Ba3 15. Bxa3 Qxa3 16. f4 dxc4 17. Qd2 cxb3 18. axb3 Qb4 19. Ra4 Qe7 20. g5 Nd5 21. Nxd5 exd5 22. h4 f5 23. Bf3 Kf7 24. Kf2 Rh8 25. Kg3 a6 26. Raa1 Rae8 27. Rae1 Nb6 28. Rh1 Nc8 29. h5 Nd6 30. hxg6+ Kxg6 31. Qd1 Kf7 32. Bh5+ g6 33. Bf3 Kg7 34. Qc1 Ne4+ 35. Bxe4 Qxe4 36. Kf2 Qd3 37. b4 Qe4 38. Reg1 Kf7 39. Re1 Ke6 40. Rh6 Rxh6 41. gxh6 Rh8 42. Rh1 Kf7 43. Qg1 Qe7 44. Qg5 Qxb4 45. Kf3 Qe7 46. Rb1 Qe4+ 47. Kf2 Qc2+ 48. Kg3 Qxb1 49. Kf2 Qc2+ 50. Kf3 Qd1+ 51. Kf2 Qd2+ 52. Kf3 Qe1 0-1


[Site "https://www.chess.com"]

[Event "Titled Tuesday Blitz August 09 Early 2022"]
[White "Pulpan, Jakub"]
[Black "Siva Mahadevan"]
[WhiteFideId "302759"]
[BlackFideId "25043153"]
[WhiteElo "2679"]
[BlackElo "2764"]
[Result "1-0"]
[Round "08"]
[TimeControl "180+1"]
[Date "2022.08.09"]
[WhiteClock "0:00:24"]
[BlackClock "0:00:04"]

1. Nf3 Nf6 2. b3 g6 3. Bb2 Bg7 4. g3 O-O 5. Bg2 d6 6. d4 e5 7. dxe5 Nfd7 8. O-O Nc6 9. Nbd2 dxe5 10. e4 b6 11. Re1 a5 12. a4 Ba6 13. Bf1 Qc8 14. Bb5 Nb4 15. Ba3 Rd8 16. Bxb4 axb4 17. Bxa6 Qxa6 18. Nc4 Nc5 19. Qe2 Ne6 20. Rad1 f6 21. Rd5 Rxd5 22. exd5 Nc5 23. Qd2 Nxa4 24. d6 c6 25. Ra1 b5 26. Nb2 e4 27. Nd4 f5 28. d7 Qb6 29. Nxc6 Bxb2 30. Rd1 Nc3 31. Qd6 Nxd1 32. Ne7+ Kf7 33. Qxb6 Kxe7 34. Qc5+ Kxd7 35. Kg2 Nc3 36. Qxb4 Ra6 37. Qd4+ Rd6 38. Qg7+ Kc6 39. Qxh7 Nd1 40. Qf7 e3 41. fxe3 Nxe3+ 42. Kf3 Nxc2 43. Qe8+ Kb6 44. Qb8+ Kc5 45. Qc7+ Rc6 46. Qe7+ Kd5 47. Qd7+ Rd6 48. Qxb5+ Ke6 49. Qc4+ Kf6 50. Qxc2 Be5 51. Qc5 g5 52. b4 g4+ 53. Ke2 Re6 54. Kd3 Rd6+ 55. Kc4 Rd2 56. Qf8+ Kg6 57. b5 Rc2+ 58. Kd5 Bf6 59. Qg8+ Kh6 60. Ke6 Ba1 61. Qf8+ Bg7 62. Qxf5 Rxh2 63. b6 Re2+ 64. Kd7 Rd2+ 65. Kc8 Rc2+ 66. Qxc2 1-0


[Site "https://www.chess.com"]

[Event "Titled Tuesday Blitz August 09 Early 2022"]
[White "Remolar Gallen, Jose"]
[Black "Toncheva, Nadya"]
[WhiteFideId "2215187"]
[BlackFideId "2924056"]
[WhiteElo "2205"]
[BlackElo "1888"]
[Result "1-0"]
[Round "08"]
[TimeControl "180+1"]
[Date "2022.08.09"]
[WhiteClock "0:00:10"]
[BlackClock "0:00:04"]

1. d4 d5 2. c4 dxc4 3. Nf3 Nf6 4. e3 Bg4 5. Bxc4 e6 6. O-O a6 7. h3 Bh5 8. Nc3 Nc6 9. Ne2 Bd6 10. a3 O-O 11. Qc2 Qe7 12. e4 Bxf3 13. gxf3 e5 14. d5 Na7 15. Ng3 g6 16. Bg5 Qd8 17. Kh1 Be7 18. Rg1 Kh8 19. Qc3 Qd6 20. Bh6 Rg8 21. Rgd1 Bf8 22. Be3 Bg7 23. b4 Rgd8 24. Rac1 Ne8 25. Bf1 Nb5 26. Bxb5 axb5 27. Kg2 h5 28. h4 Qe7 29. Bg5 Bf6 30. Qe3 Kh7 31. Rc5 c6 32. f4 Bxg5 33. hxg5 cxd5 34. exd5 Nd6 35. fxe5 Nc4 36. Rxc4 bxc4 37. Qf4 Rxa3 38. Ne4 Rd3 39. Nf6+ Kg7 40. Rc1 c3 41. Qe4 Rd2 42. Rxc3 Ra8 43. Rf3 Raa2 44. Qf4 Re2 45. e6 fxe6 46. d6 Qf7 47. Qd4 e5 48. Nxh5+ gxh5 49. Rxf7+ Kxf7 50. Qd5+ Kg6 51. Qe6+ Kxg5 52. Qe7+ Kf5 53. Qf7+ Ke4 54. d7 Rad2 55. Qf3+ Kd4 56. d8=Q+ Kc4 57. Qc7+ Kxb4 58. Qfc3+ Kb5 59. Q7c5+ Ka6 60. Q3a5# 1-0


[Site "https://www.chess.com"]

[Event "Titled Tuesday Blitz August 09 Early 2022"]
[White "Reprintsev, Alexander"]
[Black "Eynullayev, Altay"]
[WhiteFideId "14100541"]
[BlackFideId "13413562"]
[WhiteElo "2108"]
[BlackElo "2079"]
[Result "0-1"]
[Round "08"]
[TimeControl "180+1"]
[Date "2022.08.09"]
[WhiteClock "0:01:11"]
[BlackClock "0:01:51"]

1. e4 c5 2. b3 d6 3. Bb2 Nf6 4. Bxf6 exf6 5. Bd3 g6 6. Nc3 Bg7 7. Nge2 O-O 8. O-O Nc6 9. Nf4 Nd4 10. Re1 f5 11. exf5 Nxf5 12. Nfd5 Qg5 13. f4 Bd4+ 14. Kf1 Qh4 15. Qf3 Qxh2 16. Bxf5 Bxf5 17. Ne7+ Kh8 18. Nxf5 gxf5 19. Qh3 Qg1+ 20. Ke2 Rae8+ 21. Kd3 Rxe1 22. Rxe1 Qxe1 23. Ne2 Re8 24. Nxd4 Qe4+ 0-1


[Site "https://www.chess.com"]

[Event "Titled Tuesday Blitz August 09 Early 2022"]
[White "Rohith Krishna S"]
[Black "Piesik, Piotr"]
[WhiteFideId "46617051"]
[BlackFideId "1136194"]
[WhiteElo "2749"]
[BlackElo "2640"]
[Result "0-1"]
[Round "08"]
[TimeControl "180+1"]
[Date "2022.08.09"]
[WhiteClock "0:00:50"]
[BlackClock "0:01:24"]

1. e4 g6 2. d4 Bg7 3. c4 d6 4. f4 Nc6 5. d5 Nd4 6. Nc3 c5 7. Be3 e5 8. fxe5 Bxe5 9. Nf3 Nxf3+ 10. Qxf3 Nf6 11. h3 O-O 12. Bd3 Nd7 13. Kd2 Bg7 14. Qg3 Ne5 15. Be2 a6 16. Raf1 f5 17. h4 fxe4 18. Nxe4 Bf5 19. Nc3 b5 20. cxb5 axb5 21. Bxb5 Qb6 22. a4 Rxa4 23. Rxf5 Rxf5 24. Bxa4 Qxb2+ 25. Bc2 Nc4+ 26. Kd1 Qxc3 27. Re1 Rxd5+ 0-1


[Site "https://www.chess.com"]

[Event "Titled Tuesday Blitz August 09 Early 2022"]
[White "Rosenberg, Evan S"]
[Black "Vagman, Roy"]
[WhiteFideId "2019299"]
[BlackFideId "2828995"]
[WhiteElo "2428"]
[BlackElo "1956"]
[Result "1-0"]
[Round "08"]
[TimeControl "180+1"]
[Date "2022.08.09"]
[WhiteClock "0:00:09"]
[BlackClock "0:00:50"]

1. e4 c5 2. Nc3 Nc6 3. f4 d6 4. Nf3 g6 5. Bb5 Bd7 6. a4 a6 7. Bc4 Na5 8. Ba2 Bg7 9. d3 Nf6 10. O-O O-O 11. Qe1 b5 12. Qh4 b4 13. Ne2 Bxa4 14. Bxf7+ Rxf7 15. Rxa4 Nc6 16. b3 h6 17. f5 g5 18. Bxg5 hxg5 19. Nxg5 Ne5 20. Nf4 Qb6 21. Nxf7 Kxf7 22. h3 Rh8 23. Qf2 Bh6 24. Rfa1 Ra8 25. Ne6 a5 26. g4 Rg8 27. Rxa5 Nfxg4 28. hxg4 Nxg4 29. Qh4 Ne3+ 30. Kh1 Ng4 31. Qh5+ Kf6 32. Qh4+ Bg5 33. Qxg4 c4 34. e5+ dxe5 35. Nxg5 Rxg5 36. Ra6 Rxg4 37. Rxb6+ Kxf5 38. Rf1+ Kg5 39. bxc4 Kh4 40. Rh6+ Kg3 41. Rg1+ Kf3 42. Rxg4 Kxg4 43. Rb6 e4 44. dxe4 b3 45. Rxb3 e5 46. Rd3 Kf4 47. c5 Kxe4 48. c6 Kf4 49. c7 e4 50. Rd1 e3 51. c8=Q e2 52. Re1 Kg3 53. Qc3+ Kf2 54. Rxe2+ Kxe2 55. Qd3+ Kf2 56. c4 Ke1 57. c5 Kf2 58. c6 Ke1 59. c7 Kf2 60. c8=Q Ke1 61. Qc1+ Kf2 62. Qcc2+ Ke1 63. Qdd1# 1-0


[Site "https://www.chess.com"]

[Event "Titled Tuesday Blitz August 09 Early 2022"]
[White "Salem, A.R. Saleh"]
[Black "Vasquez Schroeder, Rodrigo"]
[WhiteFideId "9301348"]
[BlackFideId "3400042"]
[WhiteElo "2917"]
[BlackElo "2876"]
[Result "1-0"]
[Round "08"]
[TimeControl "180+1"]
[Date "2022.08.09"]
[WhiteClock "0:00:16"]
[BlackClock "0:00:24"]

1. d4 d5 2. c4 c6 3. Nc3 Nf6 4. Nf3 e6 5. g3 Nbd7 6. Bg2 dxc4 7. O-O b5 8. e4 Bb7 9. e5 Nd5 10. Ng5 h6 11. Nge4 Qb6 12. Qg4 O-O-O 13. Be3 a6 14. a4 Re8 15. Qh5 g6 16. Qf3 Rh7 17. Qe2 c5 18. axb5 axb5 19. dxc5 Nxc5 20. Nxd5 exd5 21. Nf6 d4 22. Qg4+ Re6 23. Bxb7+ Qxb7 24. Nxh7 h5 25. Qxd4 Nb3 26. Qa7 Nxa1 27. Rxa1 Be7 28. Qd4 h4 29. Ng5 Bxg5 30. Bxg5 Re8 31. Bxh4 Qc6 32. Bf6 1-0


[Site "https://www.chess.com"]

[Event "Titled Tuesday Blitz August 09 Early 2022"]
[White "Samadov, Read"]
[Black "Bharath Subramaniyam H"]
[WhiteFideId "13417444"]
[BlackFideId "46634827"]
[WhiteElo "2921"]
[BlackElo "2757"]
[Result "0-1"]
[Round "08"]
[TimeControl "180+1"]
[Date "2022.08.09"]
[WhiteClock "0:00:01"]
[BlackClock "0:00:07"]

1. d4 Nf6 2. c4 b6 3. Nf3 Bb7 4. g3 g6 5. Bg2 Bg7 6. O-O O-O 7. d5 Na6 8. Nc3 Nc5 9. Qc2 d6 10. e4 a5 11. Be3 e5 12. h3 h6 13. b3 Nh5 14. a3 f5 15. b4 Nxe4 16. Nxe4 fxe4 17. Qxe4 Qe8 18. Nh4 Kh7 19. Qc2 Nf6 20. b5 Bc8 21. Rae1 Qf7 22. f4 e4 23. Bd4 Bd7 24. Bxf6 Bxf6 25. Bxe4 Bxh4 26. gxh4 Bxh3 27. Rf3 Bf5 28. Bxf5 gxf5 29. Rfe3 Rg8+ 30. Kh2 Qf6 31. Re7+ Kh8 32. Qf2 Rg4 33. R1e6 Rxh4+ 34. Kg2 Rg8+ 35. Kf1 Rh1+ 36. Ke2 Qb2+ 37. Ke3 Qc3+ 38. Ke2 Qxc4+ 39. Kd2 Qxd5+ 40. Kc2 Qc4+ 41. Kb2 Qxb5+ 42. Ka2 Qd5+ 43. Kb2 Qb5+ 44. Ka2 Qc4+ 45. Kb2 a4 46. Re3 Qd4+ 47. Kc2 Ra1 48. R3e6 Ra2+ 0-1


[Site "https://www.chess.com"]

[Event "Titled Tuesday Blitz August 09 Early 2022"]
[White "Samarth, J Rao"]
[Black "Carlsson, Ludvig"]
[WhiteFideId "46652370"]
[BlackFideId "1727010"]
[WhiteElo "1514"]
[BlackElo "2195"]
[Result "0-1"]
[Round "08"]
[TimeControl "180+1"]
[Date "2022.08.09"]
[WhiteClock "0:00:12"]
[BlackClock "0:01:43"]

1. e4 e6 2. Qe2 c5 3. b3 Nc6 4. Bb2 d6 5. f4 Nf6 6. Nc3 Nd4 7. Qd3 Be7 8. Nf3 Nc6 9. h3 Nb4 10. Qb5+ Bd7 11. Qxb7 Nxc2+ 12. Kf2 Nxa1 13. Bxa1 O-O 14. g4 Qb6 15. Qa6 Bc6 16. Qxb6 axb6 17. Bd3 d5 18. Ne5 Bb7 19. exd5 Nxd5 20. Nxd5 Bxd5 21. Rc1 Rxa2 22. Bc3 Rd8 23. Bb1 Ra7 24. Bc2 b5 25. Rb1 b4 26. Bb2 f6 27. Nc4 Bxc4 28. bxc4 Rxd2+ 0-1


[Site "https://www.chess.com"]

[Event "Titled Tuesday Blitz August 09 Early 2022"]
[White "Samunenkov, Ihor"]
[Black "Altman, Joshua"]
[WhiteFideId "14187086"]
[BlackFideId "426210"]
[WhiteElo "2695"]
[BlackElo "2609"]
[Result "1-0"]
[Round "08"]
[TimeControl "180+1"]
[Date "2022.08.09"]
[WhiteClock "0:00:05"]
[BlackClock "0:00:37"]

1. d4 Nf6 2. c4 e6 3. Nf3 b6 4. g3 Bb7 5. Bg2 Bb4+ 6. Bd2 Bxd2+ 7. Qxd2 O-O 8. O-O d6 9. Nc3 Ne4 10. Nxe4 Bxe4 11. b4 a5 12. a3 Nd7 13. e3 Qe7 14. Qe2 h6 15. Bh3 f5 16. Nd2 Bb7 17. e4 Qf6 18. Qe3 c5 19. bxc5 dxc5 20. d5 exd5 21. cxd5 Rae8 22. Bxf5 Ne5 23. f4 Nf7 24. Be6 Kh8 25. Rab1 Nd8 26. Rxb6 Nxe6 27. dxe6 Ba8 28. Qxc5 Rc8 29. e7 Rfe8 30. Rxf6 Rxc5 31. Rf8+ Kh7 32. Rxe8 Bxe4 33. Nxe4 Re5 34. fxe5 g6 35. Nf6+ Kg7 36. Rf8 g5 37. Nd7 g4 38. R1f7+ Kg6 39. Nf6 h5 40. Ne4 h4 41. Rf6+ Kg7 42. e8=N+ Kh7 43. Ng5# 1-0


[Site "https://www.chess.com"]

[Event "Titled Tuesday Blitz August 09 Early 2022"]
[White "Sarana, Alexey"]
[Black "Sychev, Klementy"]
[WhiteFideId "24133795"]
[BlackFideId "4114060"]
[WhiteElo "3064"]
[BlackElo "2652"]
[Result "1-0"]
[Round "08"]
[TimeControl "180+1"]
[Date "2022.08.09"]
[WhiteClock "0:00:05"]
[BlackClock "0:00:02"]

1. c4 e5 2. Nc3 Nf6 3. Nf3 Nc6 4. g3 d5 5. cxd5 Nxd5 6. Bg2 Nb6 7. b3 f6 8. Bb2 Be6 9. O-O Qd7 10. e3 O-O-O 11. d4 exd4 12. Nxd4 Nxd4 13. exd4 Bh3 14. Bxh3 Qxh3 15. Rc1 Kb8 16. Qf3 h5 17. Nb5 Nd5 18. Rfe1 Bb4 19. Re4 Qd7 20. a4 a6 21. Na3 h4 22. g4 h3 23. Nc4 g6 24. Ne3 Bd2 25. Nxd5 Qxd5 26. Rc5 Qd6 27. Rc2 Bb4 28. Rce2 Qd5 29. Rf4 f5 30. gxf5 gxf5 31. Rxf5 Rhg8+ 32. Kf1 Qd6 33. Ree5 Rdf8 34. Qxh3 Qc6 35. Qd3 Qh1+ 36. Ke2 Qxh2 37. Qf3 Bd6 38. Re6 Re8 39. d5 Qh7 40. Qe4 Qd7 41. Rff6 Ka7 42. Bd4+ Ka8 43. Kd3 b6 44. f4 Kb7 45. Kc2 Rd8 46. Rf5 Bb4 47. Ref6 Bd6 48. Re6 Qc8 49. Rg5 Rd7 50. Rgg6 Rf7 51. f5 Rh7 52. Be3 Rh2+ 53. Kd3 Qf8 54. f6 Rh3 55. f7 Rxg6 56. Qxg6 Bc5 57. Kd2 Rxe3 58. Rxe3 Bxe3+ 59. Kxe3 Qc5+ 60. Kf4 Qf2+ 61. Kg5 Qe3+ 62. Kf6 Qd4+ 63. Ke6 Qe3+ 64. Kd7 Qe5 65. Qc6+ Kb8 66. f8=Q+ 1-0


[Site "https://www.chess.com"]

[Event "Titled Tuesday Blitz August 09 Early 2022"]
[White "Sarkar, Justin"]
[Black "Fernandez Hernandez, Gerardo"]
[WhiteFideId "2010011"]
[BlackFideId "2207400"]
[WhiteElo "2076"]
[BlackElo "2168"]
[Result "1-0"]
[Round "08"]
[TimeControl "180+1"]
[Date "2022.08.09"]
[WhiteClock "0:00:24"]
[BlackClock "0:00:01"]

1. d4 Nf6 2. c4 c5 3. d5 b5 4. cxb5 a6 5. f3 e6 6. e4 exd5 7. e5 Qe7 8. Qe2 Ng8 9. Nc3 Bb7 10. Nh3 d4 11. Ne4 Qxe5 12. Bf4 d3 13. Qe3 d2+ 14. Kf2 Qd4 15. Nd6+ Kd8 16. Nxb7+ Kc8 17. Nd6+ Bxd6 18. Qxd4 cxd4 19. Bxd6 axb5 20. Bxb5 Ra5 21. a4 Nf6 22. Rhd1 Re8 23. Rxd2 Nc6 24. b4 Ra8 25. Bxc6 dxc6 26. Rxd4 Nd5 27. Rc1 Kd7 28. b5 Kxd6 29. Rxc6+ Ke5 30. Re4+ 1-0


[Site "https://www.chess.com"]

[Event "Titled Tuesday Blitz August 09 Early 2022"]
[White "Sawlin, Leonid"]
[Black "Gonzalez Vega, Alejandro"]
[WhiteFideId "4689542"]
[BlackFideId "3510042"]
[WhiteElo "2412"]
[BlackElo "2202"]
[Result "1-0"]
[Round "08"]
[TimeControl "180+1"]
[Date "2022.08.09"]
[WhiteClock "0:00:27"]
[BlackClock "0:00:04"]

1. e4 c5 2. Nc3 Nc6 3. Nf3 e6 4. Bb5 Nd4 5. Nxd4 cxd4 6. Ne2 a6 7. Bd3 e5 8. O-O Nf6 9. c3 dxc3 10. dxc3 h6 11. c4 Bc5 12. a3 a5 13. Nc3 d6 14. Be3 Bxe3 15. fxe3 O-O 16. Be2 Be6 17. Qd2 Rc8 18. b3 Qb6 19. Rab1 Rfd8 20. Bd3 Ng4 21. Rf3 Rd7 22. Bc2 Qc5 23. Nb5 b6 24. Bd3 Qc6 25. Rbf1 h5 26. a4 g6 27. Nc3 Qc5 28. h3 Nh6 29. Bc2 Kg7 30. Qf2 Qb4 31. Ne2 Qd2 32. Bd1 Rf8 33. Qh4 Ng8 34. Ng3 Kh6 35. R3f2 Qxe3 36. Bxh5 Qg5 37. Qxg5+ Kxg5 38. Bd1 Kh6 39. Bg4 Bxg4 40. hxg4 Kg7 41. g5 Re7 42. Rf3 f5 43. exf5 gxf5 44. Nxf5+ Rxf5 45. Rxf5 e4 46. Kf2 e3+ 47. Ke2 Re4 48. R1f4 Rxf4 49. Rxf4 Ne7 50. Kxe3 Ng6 51. Rf6 Ne5 52. Rxd6 Ng4+ 53. Kf4 Nf2 54. Rxb6 Nd3+ 55. Kf5 Nc5 56. Rb5 Nd3 57. Rb7+ 1-0


[Site "https://www.chess.com"]

[Event "Titled Tuesday Blitz August 09 Early 2022"]
[White "Shapiro, Daniel"]
[Black "Golding, Alex"]
[WhiteFideId "2001780"]
[BlackFideId "427241"]
[WhiteElo "2250"]
[BlackElo "2029"]
[Result "0-1"]
[Round "08"]
[TimeControl "180+1"]
[Date "2022.08.09"]
[WhiteClock "0:01:29"]
[BlackClock "0:01:37"]

1. d4 d5 2. c4 dxc4 3. e4 e6 4. Nf3 a6 5. Bxc4 b5 6. Bd3 Bb7 7. O-O c5 8. dxc5 Bxc5 9. Qe2 Qe7 10. Bg5 f6 11. Bh4 e5 12. Nc3 Nc6 13. Nd5 Qf7 14. Rac1 Bd6 15. Bxb5 axb5 16. Qxb5 Ra5 17. Qb6 Ra6 18. Qb5 Nh6 19. Rfd1 O-O 20. Nxf6+ gxf6 21. Rxd6 Nb8 22. Rd7 Qxd7 0-1


[Site "https://www.chess.com"]

[Event "Titled Tuesday Blitz August 09 Early 2022"]
[White "Silvestre, Christian"]
[Black "Krzywda, Andrzej"]
[WhiteFideId "30956269"]
[BlackFideId "1114565"]
[WhiteElo "2304"]
[BlackElo "2098"]
[Result "0-1"]
[Round "08"]
[TimeControl "180+1"]
[Date "2022.08.09"]
[WhiteClock "0:00:03"]
[BlackClock "0:00:18"]

1. e4 c5 2. Nc3 Nc6 3. f4 g6 4. Nf3 Bg7 5. Bc4 e6 6. d3 Nge7 7. Bb3 d5 8. O-O dxe4 9. Nxe4 O-O 10. c3 b6 11. Be3 Qc7 12. Qe1 Ba6 13. Rd1 Rad8 14. Bc2 Nd5 15. Bc1 Bb7 16. Qh4 Qe7 17. Qh3 Bc8 18. Qg3 h6 19. Rde1 Qc7 20. Qh4 f5 21. Nf2 Qf7 22. Nh3 Nf6 23. Nhg5 hxg5 24. Nxg5 Qe7 25. Rf3 c4 26. dxc4 Qc5+ 27. Be3 Qd6 28. c5 bxc5 29. Bb3 Na5 30. Bc2 Bb7 31. Rh3 Nh5 32. g4 Qd5 33. gxh5 Qg2# 0-1


[Site "https://www.chess.com"]

[Event "Titled Tuesday Blitz August 09 Early 2022"]
[White "Sokolovsky, Yahli"]
[Black "Winterberg, Lukas"]
[WhiteFideId "2820242"]
[BlackFideId "24622702"]
[WhiteElo "1867"]
[BlackElo "2349"]
[Result "1-0"]
[Round "08"]
[TimeControl "180+1"]
[Date "2022.08.09"]
[WhiteClock "0:01:15"]
[BlackClock "0:01:35"]

1. b3 e5 2. Bb2 Nc6 3. e3 Nf6 4. Nf3 e4 5. Nd4 Nxd4 6. Bxd4 d5 7. c4 c5 8. Bxf6 Qxf6 9. Nc3 dxc4 10. Bxc4 Qg6 11. Bb5+ Bd7 12. Bxd7+ Kxd7 13. Qe2 f5 14. O-O-O Kc7 15. Nd5+ Kb8 16. d3 Bd6 17. dxe4 fxe4 18. Qc4 Rd8 19. Rd2 Bf8 20. Rhd1 a6 21. Nf4 Rxd2 22. Nxg6 Rxd1+ 23. Kxd1 hxg6 24. Qxe4 Ka7 25. Qxg6 Rd8+ 26. Kc2 Rd6 27. Qe4 Rf6 28. f4 Rd6 29. Qe8 Rf6 30. g4 Bd6 31. g5 Rf8 32. Qd7 g6 33. Qxd6 1-0


[Site "https://www.chess.com"]

[Event "Titled Tuesday Blitz August 09 Early 2022"]
[White "Solon, Nathan"]
[Black "Aaditya Dhingra"]
[WhiteFideId "2017229"]
[BlackFideId "25678191"]
[WhiteElo "2644"]
[BlackElo "1849"]
[Result "0-1"]
[Round "08"]
[TimeControl "180+1"]
[Date "2022.08.09"]
[WhiteClock "0:00:27"]
[BlackClock "0:01:17"]

1. e4 c5 2. Nf3 d6 3. d3 Nc6 4. g3 g6 5. Bg2 Bg7 6. O-O e6 7. c3 Nf6 8. Re1 O-O 9. d4 e5 10. d5 Ne7 11. b4 b6 12. Nbd2 a5 13. bxc5 bxc5 14. Rb1 Ba6 15. Bf1 Bxf1 16. Kxf1 Qd7 17. Kg2 Nh5 18. Nc4 Rae8 19. Rb6 Nc8 20. Rc6 h6 21. Qe2 Rd8 22. Nxa5 Ne7 23. Ra6 f5 24. Nc4 fxe4 25. Qxe4 Nf6 26. Qe2 Qc7 27. Rd1 Nexd5 28. Nh4 Nxc3 29. Qd3 Nxd1 30. Qxd1 Qb7+ 0-1


[Site "https://www.chess.com"]

[Event "Titled Tuesday Blitz August 09 Early 2022"]
[White "Stelmaszyk, Nico"]
[Black "Clawitter, Craig"]
[WhiteFideId "16200462"]
[BlackFideId "2023105"]
[WhiteElo "2119"]
[BlackElo "2189"]
[Result "0-1"]
[Round "08"]
[TimeControl "180+1"]
[Date "2022.08.09"]
[WhiteClock "0:01:12"]
[BlackClock "0:00:17"]

1. d4 e6 2. c4 Nf6 3. Nf3 d5 4. Nc3 c6 5. cxd5 exd5 6. Bg5 Be7 7. e3 Bf5 8. Bd3 Bxd3 9. Qxd3 Nbd7 10. O-O O-O 11. Rab1 a5 12. a3 a4 13. Qc2 Nb6 14. Ne5 Nfd7 15. Bxe7 Qxe7 16. f4 Nxe5 17. fxe5 f6 18. Rf5 Nc4 19. exf6 Qxe3+ 20. Kh1 Qxd4 21. f7+ Rxf7 22. Rxf7 Kxf7 23. Qxh7 Rf8 24. Rf1+ Ke7 25. Re1+ Kd8 26. Nxa4 Qf2 27. Rg1 Ne3 28. Qd3 Rh8 29. h3 Qg3 0-1


[Site "https://www.chess.com"]

[Event "Titled Tuesday Blitz August 09 Early 2022"]
[White "Terrieux, Kevin"]
[Black "Yurovskykh, Oleksandr"]
[WhiteFideId "622591"]
[BlackFideId "14134020"]
[WhiteElo "2696"]
[BlackElo "2610"]
[Result "0-1"]
[Round "08"]
[TimeControl "180+1"]
[Date "2022.08.09"]
[WhiteClock "0:00:04"]
[BlackClock "0:00:23"]

1. d4 d5 2. e4 dxe4 3. Nc3 Nf6 4. f3 exf3 5. Nxf3 c6 6. Ne5 Bf5 7. g4 Be6 8. g5 Nd5 9. Qf3 Nd7 10. Nxd7 Qxd7 11. Ne4 Bg4 12. Qg2 Bf5 13. Bd3 e6 14. Bd2 Nb4 15. Bxb4 Bxb4+ 16. c3 Qxd4 17. Ke2 Qe5 18. cxb4 Qxb2+ 19. Kf3 Qxb4 20. Rab1 Qe7 21. Ke3 O-O-O 22. Rb3 Rd7 23. Nf2 Rhd8 24. Bxf5 exf5+ 25. Kf3 Rd2 26. Qg3 Rxf2+ 27. Kxf2 Rd2+ 28. Kf1 Qe2+ 29. Kg1 Rd1+ 0-1


[Site "https://www.chess.com"]

[Event "Titled Tuesday Blitz August 09 Early 2022"]
[White "Thiel, Thomas"]
[Black "White, John S."]
[WhiteFideId "4615964"]
[BlackFideId "2502348"]
[WhiteElo "2241"]
[BlackElo "2081"]
[Result "1-0"]
[Round "08"]
[TimeControl "180+1"]
[Date "2022.08.09"]
[WhiteClock "0:00:55"]
[BlackClock "0:00:13"]

1. e4 c5 2. Nc3 Nc6 3. Bb5 Nd4 4. Bc4 e6 5. Nge2 Nxe2 6. Qxe2 d6 7. O-O Nf6 8. d3 Be7 9. f4 d5 10. Bb5+ Bd7 11. e5 Ng8 12. f5 Bxb5 13. Nxb5 a6 14. fxe6 fxe6 15. Nc3 Bg5 16. Qg4 h6 17. Qxe6+ Ne7 18. Bxg5 hxg5 19. Qf7+ Kd7 20. Nxd5 Rf8 21. Qxe7+ Qxe7 22. Nxe7 Kxe7 23. Rxf8 Rxf8 24. Rf1 Rd8 25. Rf5 Ke6 26. Rxg5 Rd7 27. h4 Rf7 28. g4 b5 29. Rf5 Rd7 30. Kf2 Rd4 31. Kf3 c4 32. dxc4 Rxc4 33. c3 b4 34. cxb4 Rxb4 35. b3 Rd4 36. Rg5 Kf7 37. Ke3 Rd5 38. e6+ Kxe6 39. Rxd5 Kxd5 40. h5 Ke6 41. b4 Ke5 42. a4 Kd5 43. g5 Ke5 44. h6 gxh6 45. gxh6 Kf5 46. b5 axb5 47. axb5 Kg6 48. b6 Kxh6 49. b7 Kg6 50. b8=Q Kf6 51. Qd6+ Kf7 52. Kf4 Kg7 53. Kf5 Kg8 54. Qe7 Kh8 55. Kg6 1-0


[Site "https://www.chess.com"]

[Event "Titled Tuesday Blitz August 09 Early 2022"]
[White "Tica, Sven"]
[Black "Ianov, Viktor"]
[WhiteFideId "14526948"]
[BlackFideId "14102730"]
[WhiteElo "2350"]
[BlackElo "2152"]
[Result "1-0"]
[Round "08"]
[TimeControl "180+1"]
[Date "2022.08.09"]
[WhiteClock "0:00:29"]
[BlackClock "0:00:32"]

1. e4 d6 2. d4 Nf6 3. f3 e5 4. Be3 exd4 5. Bxd4 Nc6 6. Be3 Be7 7. Nc3 O-O 8. Bc4 Na5 9. Bd3 Be6 10. b3 c5 11. Nge2 a6 12. Nf4 b5 13. O-O Rc8 14. Ncd5 Bxd5 15. exd5 c4 16. Bf5 Ra8 17. b4 Nb7 18. Bd4 g6 19. Bh3 Nd7 20. Bxd7 Qxd7 21. Bc3 Nd8 22. Qd4 f6 23. Rfe1 Nf7 24. Ne6 Rfe8 25. f4 Nh6 26. h3 Qa7 27. g4 Qxd4+ 28. Bxd4 Rac8 29. c3 Kf7 30. a4 f5 31. g5 Ng8 32. axb5 axb5 33. Ra7 Ra8 34. Rea1 Rxa7 35. Rxa7 Rb8 36. Kg2 h6 37. h4 hxg5 38. hxg5 Ke8 39. Kf3 Kf7 40. Nc7 Kf8 41. Ra5 Bd8 42. Ne6+ Ke8 43. Ra7 Be7 44. Bh8 Kf7 45. Nd4 Nh6 46. Bf6 Ng8 47. Bxe7 Nxe7 48. Rxe7+ Kxe7 49. Nc6+ Kd7 50. Nxb8+ Kc8 51. Nc6 Kc7 52. Ne7 1-0


[Site "https://www.chess.com"]

[Event "Titled Tuesday Blitz August 09 Early 2022"]
[White "Todorovic, Bojan"]
[Black "Zenin, Dmitry"]
[WhiteFideId "917087"]
[BlackFideId "4127897"]
[WhiteElo "2266"]
[BlackElo "2215"]
[Result "0-1"]
[Round "08"]
[TimeControl "180+1"]
[Date "2022.08.09"]
[WhiteClock "0:00:23"]
[BlackClock "0:00:47"]

1. d4 Nf6 2. c4 g6 3. Nc3 Bg7 4. e4 d6 5. Be2 O-O 6. Nf3 Na6 7. O-O e5 8. Be3 Ng4 9. Bg5 Qe8 10. Rb1 f5 11. h3 fxe4 12. Nxe4 exd4 13. Nxd6 cxd6 14. hxg4 Bxg4 15. Nxd4 Bxe2 16. Nxe2 Qe4 17. Nc3 Qxc4 18. Qxd6 Nb4 19. Rbd1 Nc6 20. Nd5 Qxa2 21. Nc7 Rac8 22. Ne6 Rf7 23. Nxg7 Kxg7 24. Qe6 Qxe6 0-1


[Site "https://www.chess.com"]

[Event "Titled Tuesday Blitz August 09 Early 2022"]
[White "Vakhlamov, Igor L."]
[Black "Parpiev, Isaak"]
[WhiteFideId "24126748"]
[BlackFideId "34281576"]
[WhiteElo "2798"]
[BlackElo "2516"]
[Result "1-0"]
[Round "08"]
[TimeControl "180+1"]
[Date "2022.08.09"]
[WhiteClock "0:00:26"]
[BlackClock "0:00:18"]

1. e4 e6 2. d4 d5 3. Nc3 Bb4 4. exd5 exd5 5. Bd3 Nc6 6. Nf3 Nge7 7. O-O O-O 8. Ne2 Bf5 9. Ng3 Bxd3 10. Qxd3 h6 11. c3 Bd6 12. Re1 Bxg3 13. hxg3 Qd7 14. Bf4 Ng6 15. Qd2 Rfe8 16. b3 Rac8 17. c4 Nce7 18. Rac1 c6 19. a4 Nf5 20. a5 a6 21. Be5 f6 22. Bf4 Nf8 23. Qd3 g5 24. Bd2 Nd6 25. Bb4 Ne4 26. Nd2 Nxd2 27. Qxd2 Ng6 28. Qd3 Kf7 29. Bc5 Re6 30. Rxe6 Qxe6 31. Bb4 Re8 32. Re1 Qd7 33. Rd1 h5 34. Bc5 Re4 35. f3 Re8 36. Kf2 h4 37. gxh4 Nf4 38. Qh7+ Ke6 39. Re1+ Ne2 40. Rxe2# 1-0


[Site "https://www.chess.com"]